 Dungeon Crawl Stone Soup version 0.24.0-1-gfbc8707122 (webtiles) character file.

Game seed: 3616105231434239885, levelgen mode: deterministic

384 LostNumber the Cudgeler (level 6, -1/39 HPs)
             Began as a Gargoyle Gladiator on Oct 25, 2019.
             Was a Believer of Zin.
             Slain by a sixfirhy (3 damage)
             ... on level 1 of the Abyss.
             The game lasted 00:06:01 (2701 turns).

LostNumber the Cudgeler (Gargoyle Gladiator)        Turns: 2701, Time: 00:06:02

Health: -1/39      AC: 13    Str: 20    XL:     6   Next: 77%
Magic:  8/8        EV:  8    Int: 10    God:    Zin [**....]
Gold:   179        SH:  0    Dex: 12    Spells: 5/5 levels left

rFire    . . .     SeeInvis +   a - +0 flail
rCold    . . .     Gourm    .   (no shield)
rNeg     + . .     Faith    .   l - +0 chain mail
rPois    ∞         Spirit   .   c - +0 helmet
rElec    +         Reflect  .   (no cloak)
rCorr    +         Harm     .   (no gloves)
MR       .....                  (no boots)
Stlth    ..........             (no amulet)
HPRegen  0.13/turn              z - ring of see invisible
MPRegen  0.11/turn              i - ring of resist corrosion

@: vitalised, about to teleport
A: negative energy resistance 1, electricity resistance, unbreathing,
petrification resistance, rot immunity, AC +4
a: Recite, Vitalisation, Donate Gold, Renounce Religion


You were on level 1 of the Abyss.
You worshipped Zin.
Zin was pleased with you.
You were not hungry.

You visited 1 branch of the dungeon, and saw 4 of its levels.
You visited the Abyss 1 time.
You also visited: Sewer.

You collected 198 gold pieces.
You donated 19 gold pieces to Zin.

Inventory:

Hand Weapons
 a - a +0 flail (weapon)
Missiles
 d - 3 throwing nets (quivered) {!f}
Armour
 b - a +0 leather armour
 c - a +0 helmet (worn)
 l - a +0 chain mail (worn)
   (You found it on level 2 of the Dungeon)
Jewellery
 i - a ring of resist corrosion (right hand)
   (You found it on level 1 of the Dungeon)
 u - an uncursed amulet of guardian spirit {unknown}
   (You found it on level 4 of the Dungeon)
 z - a ring of see invisible (left hand)
   (You found it on level 2 of the Dungeon)
Scrolls
 h - a scroll of enchant armour {unknown}
 k - 2 scrolls of identify {@r1}
 m - 2 scrolls of remove curse {unknown}
 n - 2 scrolls of fog {unknown}
 q - 3 scrolls of amnesia {unknown}
 v - a scroll of magic mapping
Potions
 f - a potion of agility {unknown}
 g - 2 potions of heal wounds {unknown}
 o - 4 potions of flight {unknown}
 p - 4 potions of magic {unknown}
 r - 3 potions of curing {unknown}
 s - a potion of lignification {unknown}
Comestibles
 e - 4 rations {!d}


   Skills:
 + Level 4.3 Fighting
 * Level 5.7 Maces & Flails
 - Level 1.7 Throwing
 + Level 0.5 Armour
 - Level 2.4 Dodging
 + Level 2.7 Invocations


You had 5 spell levels left.
You didn't know any spells.
Your spell library was empty.

Dungeon Overview and Level Annotations

Branches:
Dungeon (4/15)              Sewer (visited)
 Temple: D:4-7

Altars:
Cheibriados
Nemelex Xobeh
Zin

Annotations:
D:4 2 transporters, Blork the orc; xfalz's ghost, amateur HOFE


Innate Abilities, Weirdness & Mutations

You are resistant to torment.
Your stone body is resilient. (AC +4)
You are immune to poison.
You resist negative energy. (rN+)
You are resistant to electric shocks. (rElec)
You can survive without breathing.
You are immune to petrification.
You are immune to rotting.


Message History

Killing monsters will force the Abyss to allow you passage.
This branch contains the abyssal rune of Zot.
Found 10 gold pieces.
Found 10 stones.
Unknown command.
Unknown command.
Unknown command.
Unknown command.
Unknown command.
Found 22 gold pieces.
You pay a tithe of 2 gold.
You now have 179 gold pieces (gained 20).
Found a gateway leading deeper into the Abyss.
A sixfirhy comes into view.
The sixfirhy hits you but does no damage. x2
You completely miss the sixfirhy. The sixfirhy barely misses you.
The sixfirhy hits you but does no damage. x3
Unknown command.
Unknown command.
Unknown command.
Unknown command.
As you read the scroll of teleportation {@r4}, it crumbles to dust.
You feel strangely unstable.
You feel the power of the Abyss delaying your translocation!
Unknown command.
The sixfirhy hits you! The sixfirhy shocks you. You resist.
The sixfirhy hits you but does no damage.
Unknown command.
The sixfirhy hits you!
* * * LOW HITPOINT WARNING * * *
The sixfirhy shocks you. You resist.
* * * LOW HITPOINT WARNING * * *
The sixfirhy hits you.
* * * LOW HITPOINT WARNING * * *
The sixfirhy shocks you. You resist.
* * * LOW HITPOINT WARNING * * *
The sixfirhy barely misses you.
Unknown command.
A large abomination comes into view.
Unknown command.
The sixfirhy hits you.
* * * LOW HITPOINT WARNING * * *
The sixfirhy shocks you. You resist.
* * * LOW HITPOINT WARNING * * *
The sixfirhy barely misses you.
The sixfirhy hits you but does no damage.
The sixfirhy barely misses you. The sixfirhy hits you.
* * * LOW HITPOINT WARNING * * *
The sixfirhy shocks you. You resist.
You die...

. #....#..## .
#.#.#.. .# # #.
#..#......
#.#######.####..
#...
....#.#..#.#
...##........#..
#..##. .#..#
##3.####...#..
#@##..# .### .#
#.X.#.#.#.## #
..#...####.#.#
#.## #..#.#.. #.
.#..#.#.. ..
..#...###.# #
...##.#. ...
#### .#.# ## ..
#


You could see a sixfirhy.

Vanquished Creatures
  A big kobold (Sewer)
  A bullfrog zombie (D:4)
  Jessica (D:2)
  3 gnolls (D:2)
  13 adders
  3 oozes
  2 adder skeletons (D:2)
  2 worms
  2 dart slugs (D:1)
  2 leopard geckos
  An orc (D:3)
  10 bats
  A bat zombie (D:2)
  4 giant cockroaches
  A goblin (D:1)
  10 hobgoblins
  A jackal (D:3)
  12 kobolds
  2 quokkas
  5 ball pythons (Sewer)
  4 frilled lizards
  2 leopard gecko skeletons (D:2)
  A quokka zombie (D:2)
  11 rats
95 creatures vanquished.

Notes
Turn   | Place    | Note
-------+----------+-------------------------------------------
     0 | D:1      | LostNumber the Gargoyle Gladiator began the quest for the
                  | Orb.
     0 | D:1      | Reached XP level 1. HP: 12/12 MP: 1/1
   168 | D:1      | Reached XP level 2. HP: 16/18 MP: 2/2
   646 | D:2      | Reached XP level 3. HP: 18/22 MP: 3/3
   736 | D:2      | Reached skill level 4 in Maces & Flails
   755 | D:2      | Found a glowing silver altar of Zin.
   786 | D:2      | Became a worshipper of Zin the Law-Giver
   873 | D:2      | Reached XP level 4. HP: 24/28 MP: 4/4
   929 | D:2      | Noticed Jessica
   941 | D:2      | Killed Jessica
   965 | D:2      | Reached skill level 1 in Invocations
  1063 | D:2      | Reached XP level 5. HP: 27/32 MP: 4/6
  1324 | D:2      | Found a snail-covered altar of Cheibriados.
  1522 | D:3      | Reached skill level 5 in Maces & Flails
  1545 | D:3      | Found a glowing drain.
  1549 | Sewer    | Entered a sewer
  1717 | Sewer    | Reached XP level 6. HP: 38/38 MP: 7/7
  2026 | D:3      | Reached * piety under Zin
  2451 | D:4      | Reached ** piety under Zin
  2460 | D:4      | Found a transporter.
  2461 | D:4      | Noticed xfalz's ghost (amateur HOFE)
  2475 | D:4      | Found a transporter.
  2478 | D:4      | Found a sparkling altar of Nemelex Xobeh.
  2654 | D:4      | Noticed Blork the orc
  2657 | D:4      | Cast into level 1 of the Abyss (Blork the orc)
  2692 | Abyss:1  | Noticed a sixfirhy
  2699 | Abyss:1  | Noticed a large abomination
  2701 | Abyss:1  | Slain by a sixfirhy

Levels and vault maps discovered:
D:1:      psy_arrival_basics, layout_rooms, grunt_decor_one_mirror,
          minmay_splitting_lines
D:2:      layout_loops_ring, cheibriados_altar_1, old_standard_altar,
          serial_undead, serial_undead_f, serial_undead_c, serial_undead_c,
          serial_undead_f, serial_undead_a, serial_undead_c, serial_undead_b,
          serial_undead_a, uniq_jessica
D:3:      layout_loops_ring, gup_sewer_entry_bowl, minmay_bisected
D:4:      layout_gridville, nemelex_xobeh_ov_fountains_minmay, first_ration,
          gammafunk_ghost_smash, minmay_misc_feat_roman, uniq_blork_the_orc
Abyss:1:  hangedman_abyss_overflow_altar

Skill      XL: |  1  2  3  4  5  6 |
---------------+-------------------+-----
Maces & Flails | 4 5 |  5.7
Fighting       | 3 4 |  4.3
Invocations    | 1 2 |  2.7
Throwing       | |  1.7
Armour         | |  0.5
Dodging        | |  2.4

Action                   |  1- 3 |  4- 6 || total
-------------------------+-------+-------++-------
Melee: Flail             |   110 |   302 ||   412
Invok: Donate Gold       |       |     1 ||     1
       Vitalisation      |       |     1 ||     1
  Use: Scroll            |       |     4 ||     4
  Eat: Chunk             |       |     7 ||     7
Armor: Leather armour    |    53 |    15 ||    68
       Chain mail        |       |   234 ||   234
Dodge: Dodged            |   107 |   147 ||   254
